 Dungeon Crawl Stone Soup version 0.29.0-4-gdea44cf6ec (webtiles) character file.

Game seed: 5894068783628506834

392 qw the Chopper (level 6, 0/36 HPs)
             Began as a Tengu Warper on Aug 29, 2022.
             Slain by an ogre
             ... wielding a +0 giant spiked club
              (26 damage)
             ... on level 4 of the Dungeon.
             The game lasted 00:00:28 (4148 turns).

qw the Chopper (Tengu Warper)                       Turns: 4148, Time: 00:00:28

Health: 0/36       AC:  8    Str: 13    XL:     6   Next: 80%
Magic:  10/10      EV:  7    Int: 14    God:
Gold:   196        SH:  0    Dex: 13    Spells: 9/9 levels left

rFire   . . .      SeeInvis .   Y - +5 broad axe (drain)
rCold   . . .      Faith    .   (no shield)
rNeg    . . .      Spirit   .   g - +0 chain mail
rPois   .          Reflect  .   (helmet restricted)
rElec   .          Harm     .   (no cloak)
rCorr   +          Rampage  .   (no gloves)
Will    +....                   (boots unavailable)
Stlth   ..........              (no amulet)
HPRegen 0.12/turn               f - ring of resist corrosion
MPRegen 0.12/turn               b - ring of willpower

@: flying quickly and evasively, quick
A: beak, talons 3, nimble flight
a: no special abilities


You were on level 4 of the Dungeon.
You visited 1 branch of the dungeon, and saw 4 of its levels.
You also visited: Sewer.

You collected 196 gold pieces.


Innate Abilities, Weirdness & Mutations

You have a beak for a mouth.
You have claws for feet.
Your magical nature lets you fly swiftly and evasively.


   Skills:
 + Level 2.4 Fighting
 - Level 7.2 Axes
 - Level 1.0 Throwing
 - Level 2.1 Armour
 - Level 2.1 Dodging
 - Level 2.0 Spellcasting
 - Level 2.4 Translocations


You had 9 spell levels left.
You didn't know any spells.
Your spell library contained the following spells:

 Spells                   Type           Power      Damage    Failure   Level
 Blink                    Tloc           16%        N/A       99%         2
 Gell's Gravitas          Tloc           8%         N/A       100%        3
 Lesser Beckoning         Tloc           8%         N/A       100%        3
 Teleport Other           Tloc           8%         N/A       100%        3
 Manifold Assault         Tloc           8%         N/A       100%        5

Inventory:

Hand Weapons
 l - a +0 mace
 Y - a +5 broad axe of draining (weapon)
Armour
 g - a +0 chain mail (worn)
Jewellery
 b - a ring of willpower (right hand)
 c - a ring of ice
 f - a ring of resist corrosion (left hand)
Scrolls
 a - a scroll of identify
 e - a scroll of enchant armour
Potions
 d - a potion of mutation {unknown}
 i - 2 potions of might
 k - a potion of heal wounds

Dungeon Overview and Level Annotations

Branches:
Dungeon (4/15)              Sewer (visited)
 Temple: D:4-7

Altars:
Nemelex Xobeh


Message History

The hound bites you but does no damage. The hound bites you.
You barely miss the hound. Your kick misses the hound. You peck the hound.
The hound is severely wounded.
The hound bites you. The hound bites you but does no damage.
You hit the hound but do no damage.
The hound is severely wounded.
The hound bites you. The hound barely misses you.
You barely miss the hound. Your kick misses the hound.
The hound is severely wounded.
The hound bites you. The hound bites you but does no damage.
You hit the hound.
You kill the hound!
You start resting.
HP restored.
A hobgoblin comes into view.
Enter note:
4125 ||| Stepping ~*~*~tactically~*~*~ (stealth).
The hobgoblin shouts!
You hear an angry hiss.
A ball python comes into view.
A quokka comes into view.
You slash the hobgoblin!
You kill the hobgoblin!
You hit the ball python.
You kill the ball python!
You slash the quokka!
You kill the quokka!
Found a stone staircase leading up.
An ogre comes into view. It is wielding a +0 giant spiked club.
The ogre shouts!
You hit the ogre. You claw the ogre, but do no damage.
The ogre is moderately wounded.
The ogre hits you with a +0 giant spiked club!!
Ouch! That really hurt!
4147 ||| DRINKING 2 potions of heal wounds.
You feel much better.
You slash the ogre! You claw the ogre.
The ogre is heavily wounded.
The ogre hits you with a +0 giant spiked club!!
Ouch! That really hurt!
You die...

#### ## ...##
...### ....<.
......###......
........#......
#..O........ #
########
###@..#
###......#
##...###
.....#####
#..### ##...##
###.##
...#..#####.[.#
.####.......###
.# ######.## .#
#......... ...
...####....


You could see an ogre.

Vanquished Creatures
  2 bullfrogs (Sewer)
  An orc priest (D:3)
  A hound (D:4)
  A gnoll (D:1)
  7 adders
  3 worms
  A dart slug (D:1)
  7 orcs (D:3)
  6 bats
  14 endoplasms
  8 giant cockroaches
  7 goblins
  7 hobgoblins
  2 kobolds
  16 quokkas
  10 ball pythons
  9 frilled lizards
  10 rats
112 creatures vanquished.

Notes
Turn   | Place    | Note
-------+----------+-------------------------------------------
     0 | D:1      | qw the Tengu Warper began the quest for the Orb.
     0 | D:1      | Reached XP level 1. HP: 12/12 MP: 4/4
     0 | D:1      | 0 ||| qw: Version: 0.1-a-89-g26bdef1
     0 | D:1      | 0 ||| qw: Game counter: 3589
     0 | D:1      | 0 ||| qw: Always use a shield: true
     0 | D:1      | 0 ||| qw: God list: Okawaru
     0 | D:1      | 0 ||| qw: Allow faded altars: false
     0 | D:1      | 0 ||| qw: Do Orc after D:15 true
     0 | D:1      | 0 ||| qw: Do second Lair branch before Depths: true
     0 | D:1      | 0 ||| qw: Lair rune preference: random
     0 | D:1      | 0 ||| qw: Plans: Normal
     0 | D:1      | 0 ||| PLANNING D:1-11
    20 | D:1      | 20 ||| Stepping ~*~*~tactically~*~*~ (hiding).
   122 | D:1      | 122 ||| Stepping ~*~*~tactically~*~*~ (hiding).
   123 | D:1      | 123 ||| Stepping ~*~*~tactically~*~*~ (hiding).
   397 | D:1      | Reached XP level 2. HP: 17/17 MP: 6/6
   408 | D:1      | 408 ||| Stepping ~*~*~tactically~*~*~ (stealth).
   417 | D:1      | Reached skill level 3 in Axes
   807 | D:1      | Reached XP level 3. HP: 21/21 MP: 7/7
  1002 | D:1      | 1002 ||| DROPPING +0 club.
  1039 | D:1      | Reached skill level 4 in Axes
  1251 | D:1      | 1251 ||| UPGRADING to +0 ring mail.
  1261 | D:1      | 1261 ||| DROPPING +0 leather armour.
  1262 | D:1      | 1262 ||| UPGRADING to ring of resist corrosion.
  1263 | D:1      | 1263 ||| READING 3 scrolls labelled SECESU OPLOE.
  1264 | D:1      | 1264 ||| READING scroll labelled ZIZYON ISTRAUBA.
  1265 | D:1      | 1265 ||| READING scroll labelled CID SAKOELALUO.
  1366 | D:1      | 1366 ||| DRINKING 2 orange potions.
  1367 | D:1      | 1367 ||| READING 2 scrolls of identify.
  1367 | D:1      | 1367 ||| IDENTIFYING fuming purple potion
  1368 | D:1      | 1368 ||| DROPPING scroll of blinking.
  2208 | D:2      | Reached XP level 4. HP: 22/26 MP: 8/8
  2272 | D:2      | 2272 ||| Stepping ~*~*~tactically~*~*~ (stealth).
  2282 | D:2      | 2282 ||| Stepping ~*~*~tactically~*~*~ (stealth).
  2453 | D:2      | 2453 ||| UPGRADING to +0 chain mail.
  2463 | D:2      | 2463 ||| DROPPING +0 ring mail.
  2464 | D:2      | 2464 ||| READING scroll labelled FASTEN UVA.
  2464 | D:2      | Identified a scroll of acquirement
  2464 | D:2      | 2464 ||| ACQUIRING +5 broad axe of draining
  2464 | D:2      | Acquired a +5 broad axe of draining
  2466 | D:2      | 2466 ||| SWAPPING to +5 broad axe of draining.
  2467 | D:2      | 2467 ||| DROPPING +0 hand axe.
  2468 | D:2      | 2468 ||| READING scroll labelled CIDANE ONUF.
  2469 | D:2      | 2469 ||| READING 2 scrolls labelled BOYWNO YHAO.
  2470 | D:2      | 2470 ||| DRINKING 2 pink potions.
  2471 | D:2      | 2471 ||| DROPPING potion of attraction.
  2489 | D:3      | 2489 ||| PLANNING SEWER
  2662 | D:3      | Reached skill level 5 in Axes
  2901 | D:3      | Found a sparkling altar of Nemelex Xobeh.
  2942 | D:3      | Gained mutation: Your magical nature lets you fly swiftly
                  | and evasively. [Tengu growth]
  2942 | D:3      | Reached XP level 5. HP: 29/30 MP: 9/9
  3056 | D:3      | Found a glowing drain.
  3065 | D:3      | 3065 ||| READING 2 scrolls of identify.
  3065 | D:3      | 3065 ||| IDENTIFYING fizzy black potion
  3066 | D:3      | 3066 ||| DROPPING potion of lignification.
  3095 | Sewer    | Entered a sewer
  3120 | Sewer    | 3120 ||| Stepping ~*~*~tactically~*~*~ (stealth).
  3134 | Sewer    | 3134 ||| Stepping ~*~*~tactically~*~*~ (stealth).
  3207 | Sewer    | Reached skill level 6 in Axes
  3302 | Sewer    | 3302 ||| Stepping ~*~*~tactically~*~*~ (stealth).
  3545 | Sewer    | Reached XP level 6. HP: 34/35 MP: 10/10
  3564 | Sewer    | Reached skill level 7 in Axes
  3759 | Sewer    | 3759 ||| UPGRADING to ring of willpower.
  3774 | D:3      | 3774 ||| PLANNING D:1-11
  4125 | D:4      | 4125 ||| Stepping ~*~*~tactically~*~*~ (stealth).
  4146 | D:4      | HP: 8/36 [ogre/+0 giant spiked club (28)]
  4147 | D:4      | 4147 ||| DRINKING 2 potions of heal wounds.
  4148 | D:4      | Slain by an ogre

Levels and vault maps discovered:
D:1:      dpeg_arrival_rhombus, layout_loops_ring
D:2:      layout_basic, minmay_tripent
D:3:      layout_loops_ring, mainiacjoe_overflow_concentric_impassable,
          portal_sewer_entry_b, supply_closet_lemuel, dreamdust_princess_bridge
D:4:      layout_rooms, overflow_temple_1_default, serial_curves,
          eino_curves_03, eino_curves_04, gammafunk_ghost_split

Skill      XL: |  1  2  3  4  5  6 |
---------------+-------------------+-----
Axes           | 3 4 5 6 7 |  7.2
Armour         | 2 |  2.1
Fighting       | |  2.4
Throwing       | |  1.0
Dodging        | |  2.1
Spellcasting   | |  2.0
Translocations | |  2.4

Action                   |  1- 3 |  4- 6 || total
-------------------------+-------+-------++-------
Melee: Hand axe          |    84 |     7 ||    91
       Kick              |    19 |    25 ||    44
       Peck              |    15 |    15 ||    30
       Broad axe         |       |   125 ||   125
       Punch             |       |     2 ||     2
Throw: Boomerang         |     7 |     8 ||    15
  Use: Scroll            |     4 |     4 ||     8
       Potion            |     1 |     2 ||     3
Armor: Leather armour    |    10 |       ||    10
       Ring mail         |     9 |       ||     9
       Chain mail        |       |    57 ||    57
Dodge: Dodged            |    40 |    31 ||    71

Table legend:
 A = Non-vault XP
 B = Vault XP
 C = Vault XP percentage of total XP
 D = Non-vault monster count
 E = Vault monster count
 F = Vault count percentage of total count
                 A         B        C        D         E       F
            +---------+---------+-------+---------+---------+-------
      Total |     251 |     309 |  55.2 |      66 |      46 |  41.1
            +---------+---------+-------+---------+---------+-------
        D:1 |      57 |       0 |   0.0 |      26 |       0 |   0.0
        D:2 |      29 |       3 |   9.4 |      14 |       2 |  12.5
        D:3 |     117 |       2 |   1.7 |      22 |       2 |   8.3
        D:4 |      48 |       0 |   0.0 |       4 |       0 |   0.0
      Sewer |       0 |     304 | 100.0 |       0 |      42 | 100.0
            +---------+---------+-------+---------+---------+-------
